 Dungeon Crawl Stone Soup version 0.29-a0-962-gc8bbfd0a37 (webtiles) character file.

Game seed: 2620379372404062306

58765 Pooter the Severer (level 14, -2/130 HPs)
             Began as a Minotaur Berserker on July 30, 2022.
             Was a Believer of Trog.
             Hit by a boomerang thrown by a merfolk (9 damage)
             ... on level 2 of the Abyss on July 31, 2022.
             The game lasted 02:19:59 (27940 turns).

Pooter the Severer (Minotaur Berserker)            Turns: 27940, Time: 02:20:00

Health: -2/130     AC: 19    Str: 22    XL:     14   Next: 50%
Magic:  4/13       EV:  7    Int:  6    God:    Trog [**....]
Gold:   1490       SH:  0    Dex: 11    Spells: 13/13 levels left

rFire   . . .      SeeInvis +   a - +0 war axe (vorpal)
rCold   + . .      Faith    .   (no shield)
rNeg    . . .      Spirit   .   w - +2 plate armour {rC+}
rPois   .          Reflect  .   (helmet restricted)
rElec   .          Harm     .   V - +0 cloak
rCorr   .          Rampage  .   s - +0 pair of gloves
Will    ++...                   m - +0 pair of boots
Stlth   ..........              (no amulet)
HPRegen 0.00/turn               S - ring of see invisible
MPRegen 0.13/turn               W - ring of willpower

@: mighty, inhibited regen, hasted, very quick
A: horns 2, retaliatory headbutt, inhibited regeneration, weak 1
a: Renounce Religion, Berserk, Trog's Hand


You were on level 2 of the Abyss.
You worshipped Trog.
Trog was pleased with you.
You visited 3 branches of the dungeon, and saw 18 of its levels.
You visited the Abyss 1 time.

You collected 1685 gold pieces.
You spent 195 gold pieces at shops.

Inventory:

Hand Weapons
 a - a +0 vorpal war axe (weapon)
   (You took it off a goblin on level 2 of the Dungeon)
 b - a +2 arbalest of freezing
   (You took it off an orc warrior on level 2 of the Orcish Mines)
 i - the +7 morningstar of Truncation {flame, rCorr Str+5}
   (You found it on level 5 of the Lair of Beasts)

   It burns those it strikes, dealing additional fire damage.
   Str:       It affects your strength (+5).
   rCorr:     It protects you from acid and corrosion.
 l - the +7 spear "Yqatajiffu" {vorpal, rN++}
   (You found it on level 3 of the Lair of Beasts)

   It inflicts extra damage upon your enemies.
   rN:        It greatly protects you from negative energy.
 q - a +1 longbow of flaming
   (You took it off Nessos on level 4 of the Lair of Beasts)
 J - a +0 battleaxe of venom
   (You took it off an orc warrior on level 11 of the Dungeon)
 Y - a +1 demon whip of venom
   (You took it off Amaemon on level 2 of the Lair of Beasts)
Missiles
 g - 45 poisoned darts
 y - 4 throwing nets {!f}
 I - 13 boomerangs (quivered)
 K - 5 curare-tipped darts
 Q - 34 stones
 T - 5 atropa-tipped darts
Armour
 j - a +0 tower shield
   (You found it on level 2 of the Dungeon)
 m - a +0 pair of boots (worn)
   (You found it on level 3 of the Dungeon)
 s - a +0 pair of gloves (worn)
   (You found it on level 5 of the Dungeon)
 w - a +2 plate armour of cold resistance (worn)
   (You found it on level 5 of the Lair of Beasts)
 R - a +0 crystal plate armour
   (You found it on level 1 of the Lair of Beasts)
 V - a +0 cloak (worn)
   (You took it off Maurice on level 10 of the Dungeon)
Jewellery
 e - a ring of ice
   (You found it on level 3 of the Dungeon)
 p - a +4 ring of evasion
   (You found it on level 6 of the Dungeon)
 S - a ring of see invisible (left hand)
   (You found it on level 1 of the Lair of Beasts)
 W - a ring of willpower (right hand)
   (You found it on level 1 of the Lair of Beasts)
 Z - a ring of flight
   (You found it on level 3 of the Lair of Beasts)
Wands
 f - a wand of flame (14)
   (You found it on level 7 of the Dungeon)
 o - a wand of polymorph (8)
   (You found it on level 4 of the Dungeon)
 u - a wand of paralysis (21)
   (You took it off a wight on level 9 of the Dungeon)
 D - a wand of quicksilver (9)
   (You found it on level 7 of the Dungeon)
 X - a wand of mindburst (7)
   (You found it on level 1 of the Lair of Beasts)
Scrolls
 h - 4 scrolls of immolation {!r}
 k - 3 scrolls of poison {!r}
 t - 5 scrolls of teleportation {@r4}
 x - 2 scrolls of noise {!r}
 C - 3 scrolls of blinking
 F - 2 scrolls of summoning
 H - a scroll of butterflies
 M - a scroll of silence
Potions
 c - 4 potions of lignification {!q}
 d - 4 potions of mutation {!q}
 r - 3 potions of cancellation
 v - 3 potions of curing {@q1}
 z - a potion of attraction {!q}
 A - a potion of brilliance {unknown}
 B - a potion of invisibility {unknown}
 E - a potion of might
 L - 2 potions of flight
Miscellaneous
 N - a lightning rod (4/4) {!a}
   (You found it on level 9 of the Dungeon)
 O - a piece from Xom's chessboard (15/15)
   (You found it on level 9 of the Dungeon)
 U - a condenser vane (inert)
   (You found it on level 9 of the Dungeon)


   Skills:
 + Level 13.7 Fighting
 - Level 16.3(16.6) Axes
 + Level 5.4(11.9) Maces & Flails
 * Level 14.8 Ranged Weapons
 + Level 6.9 Armour
 - Level 2.1 Dodging
 - Level 5.7 Shields
 + Level 9.8 Evocations


You had 13 spell levels left.
You didn't know any spells.
Your spell library was empty.

Dungeon Overview and Level Annotations

Branches:
Dungeon (11/15)            Temple (0/1) D:5            Lair (5/5) D:9
  Swamp (0/4) Lair:3       Spider (0/4) Lair:2        Slime (0/5) Lair:4
    Orc (2/2) D:11            Elf (0/3) Orc:2

Altars:
Ashenzari
Elyvilon
Kikubaaqudgha
Qazlal
Ru
Sif Muna
Wu Jian
Xom
Jiyva

Shops:
D:11 ?

Annotations:
Lair:2 2 transporters
Lair:3 2 transporters, Zofeg's ghost, journeyman MiMo
Orc:1 Sonja


Innate Abilities, Weirdness & Mutations

You have a pair of horns on your head.
You reflexively headbutt those who attack you in melee.
You do not regenerate when monsters are visible.
You are weak. (Str -2)


Message History

* * * LOW HITPOINT WARNING * * *
You feel your power leaking away.
You miss the lorocyproca. You headbutt the lorocyproca!
You hit the starcursed mass.
The starcursed mass shudders and is absorbed by its neighbour.
A starcursed mass splits.
A chorus of shrieks assaults your mind.
* * * LOW HITPOINT WARNING * * *
The lorocyproca hits you but does no damage.
You hit the lorocyproca. Your headbutt misses the lorocyproca.
You hit the starcursed mass.
The starcursed mass shudders and is absorbed by its neighbour.
The lorocyproca hits you!
* * * LOW HITPOINT WARNING * * *
You feel your power leaking away.
* * * LOW MAGIC WARNING * * *
You hit the lorocyproca. Your headbutt misses the lorocyproca.
A starcursed mass splits.
Unknown command.
You slash the starcursed mass!
You destroy the starcursed mass!
Trog accepts your kill.
You slash the lorocyproca!
The lorocyproca hits you but does no damage.
Unknown command.
You hit the lorocyproca.
You kill the lorocyproca!
Trog accepts your kill.
You hit the starcursed mass.
The starcursed mass shudders and withdraws towards its neighbour. x2
You are suddenly pulled into a different region of the Abyss!
You start resting.
A large abomination comes into view.
You recover from your berserk rage.
Found 23 gold pieces.
Found 16 gold pieces.
A komodo dragon comes into view.
Found 16 gold pieces.
The komodo dragon hisses angrily.
You hear a loud, deep croak!
A cane toad comes into view.
You hear a shout!
A merfolk and an eleionoma come into view.
Found 27 gold pieces.
The eleionoma shouts!
You hear a shout!
Why would you want to do that?
Unknown command.
You feel yourself speed up.
A deep elf pyromancer comes into view. It is wielding a +0 dagger.
The merfolk throws a boomerang.
The boomerang hits you!
You die...

.# # ## ## ##.
...#.#. .##....
..#...##..#..≈≈
..# #@P.≈..≈≈≈
#.##..≈..≈≈.#
#..#l≈m.≈...#
#..#F.≈.≈..#
#.#..≈R..≈.# .
##.l.≈≈.....##
#.##..#≈≈#####e$$
#...#F###### $#
#.#.#...## F...


You could see an eleionoma, a merfolk, a komodo dragon, a deep elf pyromancer
and a cane toad.

Vanquished Creatures
  Jorgrun (Orc:1)
  A tentacled starspawn (Abyss:2)
  A cacodemon (Abyss:2)
  Nessos (Lair:4)
  2 lorocyprocas (Abyss:2)
  Snorg (D:10)
  5 hydras
  A catoblepas (Lair:5)
  The ghost of Spectrina the Thaumaturge, a journeyman DjVM of Yredelemnul (Orc:1)
  A centaur warrior (D:9)
  16 death yaks
  3 two-headed ogres
  A deep troll shaman (Lair:5)
  Amaemon (Lair:2)
  A sixfirhy (Abyss:2)
  A lindwurm (Lair:5)
  4 oklob plants (Lair:4)
  2 orc sorcerers (Orc:2)
  2 cyclopes
  Maurice (D:10)
  3 elephants (Lair:5)
  2 manticores (D:9)
  A torpor snail (Lair:5)
  2 black mambas (Lair:4)
  9 cane toads
  2 orange demons
  A kobold demonologist (D:9)
  A rime drake (Lair:5)
  5 komodo dragons
  3 ice devils
  An ancient zyme (Abyss:2)
  A harpy zombie (Abyss:2)
  4 trolls
  A hornet (D:9)
  10 blink frogs
  A blink frog (shapeshifter) (D:11)
  2 jumping spiders (Lair:2)
  Sigmund (D:5)
  A vampire (D:10)
  2 shadows
  A centaur simulacrum (Abyss:2)
  43 yaks
  A basilisk (D:9)
  2 large abominations (Abyss:2)
  2 wraiths
  3 wyverns
  2 steam dragons
  5 vampire mosquitoes
  2 wargs (D:9)
  An acid dragon (D:8)
  17 water moccasins
  12 orc warriors
  A swamp drake (D:11)
  2 black bears
  A sky beast (D:6)
  3 ice beasts
  8 ogres
  9 wolves
  5 centaurs
  3 kobold brigands
  Blork the orc (D:4)
  A gnoll sergeant (D:9)
  12 bullfrogs
  2 scorpions
  A wight (D:9)
  19 killer bees
  9 howler monkeys
  2 electric eels (D:7)
  A starcursed mass (Abyss:2)
  3 jellies
  10 orc priests
  2 hounds
  4 gnoll boudas
  23 orc wizards
  Natasha (twice) (D:4)
  3 iguanas
  4 hell rats (Lair:3)
  9 gnolls (D:8)
  8 adders
  A shadow imp (D:7)
  An ufetubus (Abyss:2)
  A worm (D:2)
  58 orcs
  7 ball pythons
  4 endoplasms
  5 giant cockroaches
  10 goblins
  5 hobgoblins
  9 jackals
  2 quokkas (D:1)
  7 bats
  6 frilled lizards
  15 kobolds
  6 rats
  A starspawn tentacle (Abyss:2)
477 creatures vanquished.

Vanquished Creatures (others)
  A raiju (Abyss:2)
  3 golden eyes (Abyss:2)
  A human (D:10)
  An orc (D:11)
  A butterfly (D:7)
  16 fungi
  22 plants
  A starspawn tentacle (Abyss:2)
46 creatures vanquished.

Grand Total: 523 creatures vanquished

Notes
Turn   | Place    | Note
-------+----------+-------------------------------------------
     0 | D:1      | Pooter the Minotaur Berserker began the quest for the Orb.
     0 | D:1      | Reached XP level 1. HP: 19/19 MP: 0/0
   212 | D:1      | Reached XP level 2. HP: 18/27 MP: 1/1
   307 | D:1      | Found a faded altar of an unknown god.
  1145 | D:1      | Reached skill level 4 in Axes
  1587 | D:2      | Reached XP level 3. HP: 34/34 MP: 2/2
  1825 | D:2      | Reached ** piety under Trog
  2612 | D:3      | Reached XP level 4. HP: 41/41 MP: 3/3
  2808 | D:3      | Reached skill level 5 in Fighting
  2808 | D:3      | Reached skill level 5 in Axes
  2808 | D:3      | Reached skill level 1 in Shields
  3043 | D:3      | Found a shimmering blue altar of Sif Muna.
  3231 | D:3      | Reached XP level 5. HP: 43/48 MP: 4/4
  3572 | D:4      | Noticed Natasha
  3581 | D:4      | Killed Natasha
  4091 | D:4      | Noticed Natasha
  4096 | D:4      | Killed Natasha
  4323 | D:4      | Noticed Blork the orc
  4331 | D:4      | Killed Blork the orc
  4332 | D:4      | Reached skill level 6 in Axes
  4332 | D:4      | Reached XP level 6. HP: 55/56 MP: 5/5
  4530 | D:5      | Entered Level 5 of the Dungeon
  4547 | D:5      | Reached skill level 1 in Evocations
  4581 | D:5      | Reached *** piety under Trog
  4734 | D:5      | Found a staircase to the Ecumenical Temple.
  4765 | D:5      | Reached skill level 7 in Axes
  4765 | D:5      | Reached XP level 7. HP: 63/63 MP: 6/6
  4826 | D:5      | Noticed Sigmund
  4837 | D:5      | Killed Sigmund
  5436 | D:6      | Reached skill level 8 in Axes
  5474 | D:6      | Reached XP level 8. HP: 36/71 MP: 7/7
  6039 | D:6      | Found an ornate altar of the Wu Jian Council.
  6070 | D:7      | Found a transporter.
  6240 | D:7      | Reached skill level 5 in Shields
  6242 | D:7      | Reached skill level 9 in Axes
  6655 | D:7      | Found a transporter.
  6909 | D:7      | Reached XP level 9. HP: 81/81 MP: 8/8
  6924 | D:7      | Reached skill level 1 in Ranged Weapons
  6952 | D:7      | Reached skill level 10 in Axes
  7020 | D:7      | Found a white marble altar of Elyvilon.
  7205 | D:8      | Found a shimmering altar of Xom.
  7484 | D:8      | Found a stormy altar of Qazlal.
  7611 | D:8      | Reached skill level 11 in Axes
  7828 | D:8      | Reached skill level 5 in Ranged Weapons
  7828 | D:8      | Reached skill level 5 in Evocations
  7914 | D:8      | Found a broken altar of Ashenzari.
  7986 | D:8      | Reached XP level 10. HP: 71/90 MP: 9/9
  8116 | D:8      | Noticed a two-headed ogre
  8136 | D:8      | Killed a two-headed ogre
  8393 | D:8      | Reached skill level 12 in Axes
  8939 | D:9      | Found a staircase to the Lair.
  9298 | D:9      | Noticed a centaur warrior
  9312 | D:9      | Killed a centaur warrior
  9662 | D:9      | Noticed a seven-headed hydra
  9671 | D:9      | Killed a seven-headed hydra
  9804 | D:9      | Reached XP level 11. HP: 71/99 MP: 10/10
 10403 | D:9      | Reached skill level 13 in Axes
 10513 | D:9      | Reached skill level 10 in Fighting
 11032 | D:10     | Entered Level 10 of the Dungeon
 11139 | D:10     | Noticed Snorg
 11152 | D:10     | Killed Snorg
 12207 | D:10     | Found a sacrificial altar of Ru.
 12230 | D:10     | Found an ancient bone altar of Kikubaaqudgha.
 12309 | D:10     | Noticed Maurice
 12320 | D:10     | Killed Maurice
 12708 | D:9      | Reached skill level 14 in Axes
 12740 | Lair:1   | Entered Level 1 of the Lair of Beasts
 12740 | Lair:1   | Noticed a death yak
 12740 | Lair:1   | Noticed a death yak
 12740 | Lair:1   | Noticed a death yak
 12740 | Lair:1   | Noticed a death yak
 12740 | Lair:1   | Noticed a death yak
 12740 | Lair:1   | Noticed a death yak
 12754 | D:9      | Killed a death yak
 12926 | D:9      | Upgraded the game from 0.29-a0-925-g0a7a3d12f8 to
                  | 0.29-a0-962-gc8bbfd0a37
 13153 | D:9      | Killed a death yak
 13223 | D:9      | Killed a death yak
 13224 | D:9      | Reached skill level 10 in Ranged Weapons
 13288 | D:9      | Killed a death yak
 13289 | D:9      | Reached XP level 12. HP: 108/108 MP: 11/11
 13343 | D:9      | Killed a death yak
 13556 | D:9      | Killed a death yak
 13877 | Lair:1   | Reached skill level 15 in Axes
 15067 | Lair:2   | Noticed Amaemon
 15077 | Lair:2   | Killed Amaemon
 15262 | Lair:2   | Noticed a five-headed hydra
 15275 | Lair:2   | Killed a five-headed hydra
 15725 | Lair:2   | Found a transporter.
 15754 | Lair:2   | Found a transporter.
 15794 | Lair:2   | Found a hole to the Spider Nest.
 16415 | Lair:3   | Identified the +7 spear "Yqatajiffu" {vorpal, rN++}
 16531 | Lair:3   | You fall into a shaft and drop 2 floors!
 16531 | Lair:5   | Entered Level 5 of the Lair of Beasts
 16689 | Lair:5   | Noticed a death yak
 16690 | Lair:5   | Noticed a death yak
 16690 | Lair:5   | Noticed a death yak
 16713 | Lair:5   | Reached skill level 16 in Axes
 16721 | Lair:5   | Killed a death yak
 16721 | Lair:5   | Noticed a death yak
 16722 | Lair:5   | Reached XP level 13. HP: 118/118 MP: 12/12
 17569 | Lair:4   | Noticed Nessos
 17581 | Lair:4   | Killed Nessos
 18452 | Lair:4   | Found a staircase to the Slime Pits.
 18452 | Lair:4   | Found a viscous altar of Jiyva.
 19193 | Lair:3   | Found a transporter.
 19195 | Lair:3   | Noticed Zofeg's ghost (journeyman MiMo)
 19553 | Lair:3   | Found a staircase to the Swamp.
 19885 | Lair:3   | Found a transporter.
 21069 | Lair:5   | Reached skill level 1 in Maces & Flails
 21226 | Lair:5   | Found a shimmering altar of Xom.
 21718 | Lair:5   | Reached skill level 5 in Armour
 21925 | Lair:5   | Identified the +7 morningstar of Truncation {flame, rCorr
                  | Str+5}
 22009 | Lair:5   | Reached XP level 14. HP: 129/129 MP: 13/13
 22232 | Lair:5   | Identified the +1 robe of Past Mistakes {Will++}
 23154 | D:11     | Found Umearch's Magic Scroll Emporium.
 23236 | D:11     | Bought a scroll of immolation for 68 gold pieces
 23236 | D:11     | Bought a scroll of blinking for 127 gold pieces
 24173 | D:11     | Found a staircase to the Orcish Mines.
 24182 | Orc:1    | Entered Level 1 of the Orcish Mines
 24193 | Orc:1    | Found a runed translucent door.
 24193 | Orc:1    | Noticed Spectrina's ghost (journeyman DjVM)
 24213 | Orc:1    | Killed Spectrina's ghost
 25110 | Orc:2    | Entered Level 2 of the Orcish Mines
 25493 | Orc:2    | Found a staircase to the Elven Halls.
 26909 | Orc:2    | Noticed Jorgrun
 26934 | Orc:1    | Killed Jorgrun
 27453 | Orc:1    | Noticed Sonja
 27487 | Abyss:2  | Found a corrupted altar of Lugonu.
 27487 | Abyss:2  | Cast into level 2 of the Abyss (Sonja)
 27532 | Abyss:2  | Noticed a tentacled starspawn
 27541 | Abyss:2  | Killed a tentacled starspawn
 27805 | Abyss:2  | Noticed a cacodemon
 27812 | Abyss:2  | Gained mutation: You do not regenerate when monsters are
                  | visible. [a cacodemon]
 27813 | Abyss:2  | Reached skill level 5 in Maces & Flails
 27817 | Abyss:2  | Gained mutation: You are weak. (Str -2) [a cacodemon]
 27818 | Abyss:2  | Killed a cacodemon
 27899 | Abyss:2  | Noticed a starcursed mass
 27911 | Abyss:2  | HP: 3/130 [lorocyproca (9)]
 27940 | Abyss:2  | Hit by a boomerang thrown by a merfolk

Illustrated notes

Levels and vault maps discovered:
D:1:      dpeg_arrival_stone_temple_mockup, layout_loops_corners,
          chequers_ecumenical_altar_island, patterned_corridor
D:2:      layout_loops_ring, minmay_quadrilaterals
D:3:      layout_loops_ring, marbit_many_paths
D:4:      layout_loops_corners, kennysheep_generic_room_15, uniq_natasha,
          uniq_blork_the_orc
D:5:      layout_rooms, minmay_temple_entry_junction_2, uniq_sigmund
D:6:      layout_basic, nicolae_wu_jian_glorious_leap
D:7:      gammafunk_steamed_eel, layout_loops_ring,
          nicolae_elyvilon_peaceful_grove
D:8:      layout_basic, mainiacjoe_overflow_chevrons,
          mainiacjoe_overflow_large_starburst
D:9:      minmay_the_grid_triangle_9x9_rhombus_thin_mashed
          [minmay_the_grid_triangle_9x9_empty,
          minmay_the_grid_triangle_9x9_prize_top_heavy,
          minmay_the_grid_triangle_9x9_negative_grid,
          minmay_the_grid_triangle_9x9_dagger], layout_irregular_city,
          erik_lair_orcish_takeover, st_stairs_11
D:10:     layout_stronghold, tgw_kikubaaqudgha, mainiacjoe_overflow_alcove_2,
          uniq_snorg, uniq_maurice
D:11:     layout_basic, erik_orc_1, serial_corexii_hall, corexii_hall_statues_x,
          chequers_hall_statues_wall_a, kennysheep_windowed_goal
Lair:1:   layout_cellular_growth, portal_ice_cave_demonic_guard
Lair:2:   gammafunk_worm_tunnel, layout_big_grid, spider_nest_entry_a,
          uniq_amaemon
Lair:3:   layout_cave_shapes, swamp_mist, gammafunk_ghost_arena,
          cheibrodos_lair_reptile_den, grunt_megastairs_2
Lair:4:   layout_regular_city, minmay_slime_entry_oklob_open,
          hibernation_bobbens, grunt_megastairs_3, uniq_nessos
Lair:5:   grunt_lair_end_beastmaster, layout_cave_pods, basic_altar,
          minivault_11
Orc:1:    layout_caves, hellmonk_ghost_happy_afterlife, uniq_sonja
Orc:2:    kennysheep_orc_mage_school, layout_caves, uniq_jorgrun
Abyss:2:  base: D:8, hangedman_abyss_theft

Skill      XL: |  1  2  3  4  5  6  7  8  9 10 11 12 13 14 |
---------------+-------------------------------------------+-----
Fighting       | 4 5 6 7 8 9 10 12 13 | 13.7
Axes           | 4 5 6 7 8 9 11 12 14 16 | 16.3
Shields        | 1 2 3 4 5 |  5.7
Evocations     | 1 2 3 5 6 7 8 9 |  9.8
Ranged Weapons | 5 7 10 12 13 14 | 14.8
Armour         | 5 6 |  6.9
Maces & Flails | 3 5 |  5.4
Dodging        | |  2.1

Action                   |  1- 3 |  4- 6 |  7- 9 | 10-12 | 13-15 || total
-------------------------+-------+-------+-------+-------+-------++-------
Melee: Hand axe          |    56 |       |       |       |       ||    56
       Headbutt          |     6 |    19 |    35 |   111 |    89 ||   260
       War axe           |    58 |    98 |   206 |   412 |   370 ||  1144
       Punch             |     1 |       |     2 |     6 |    17 ||    26
       Morningstar       |       |       |       |     5 |       ||     5
       Flail             |       |       |       |     6 |       ||     6
       Demon whip        |       |       |       |    19 |    35 ||    54
 Fire: Shortbow          |       |       |    33 |   142 |     8 ||   183
       Longbow           |       |       |       |       |   188 ||   188
       Arbalest          |       |       |       |       |     9 ||     9
Throw: Dart              |       |    12 |    25 |    12 |    12 ||    61
       Boomerang         |       |       |       |       |     7 ||     7
Invok: Berserk           |     3 |     3 |     7 |    18 |    14 ||    45
       Trog's Hand       |       |     3 |     8 |    23 |    26 ||    60
Evoke: Wand              |       |       |     5 |     3 |     4 ||    12
       Piece from Xom's  |       |       |       |     5 |     2 ||     7
       Condenser vane    |       |       |       |     1 |     3 ||     4
       Lightning rod     |       |       |       |       |     2 ||     2
  Use: Scroll            |     4 |     3 |     6 |    12 |     9 ||    34
       Potion            |       |       |     1 |     1 |     8 ||    10
 Stab: Sleeping          |     1 |       |       |       |       ||     1
       Paralysed         |       |       |       |     5 |     4 ||     9
Armor: Animal skin       |    34 |     1 |       |       |       ||    35
       Chain mail        |       |    50 |       |       |       ||    50
       Plate armour      |       |     6 |   133 |   257 |   211 ||   607
Dodge: Dodged            |    74 |    10 |    83 |   270 |   184 ||   621
Block: Tower shield      |    12 |    47 |    77 |       |       ||   136

Table legend: (Time is in decaauts)
 A = Elapsed time spent in this place.
 B = Non-inter-level travel time spent in this place.
 C = Inter-level travel time spent in this place.
 D = Time resting spent in this place.
 E = Time spent auto-exploring this place.
 F = Levels seen in this place.
 G = Mean time per level.
                   A        B        C        D        E       F      G
               +--------+--------+--------+--------+--------+-----+--------+
         Total |  28398 |  27874 |    524 |  11904 |  11055 |  19 | 1494.6 |
       Dungeon |  16009 |  15717 |    292 |   6195 |   7096 |  11 | 1455.4 |
          Lair |   8953 |   8756 |    197 |   3570 |   3734 |   5 | 1790.6 |
  Orcish Mines |   2987 |   2952 |     35 |   1884 |    225 |   2 | 1493.5 |
         Abyss |    447 |    447 |      0 |    254 |      0 |   1 |  447.0 |
               +--------+--------+--------+--------+--------+-----+--------+

Top non-repeatable levels by time:
     D:9: 2916 daAuts
  Lair:4: 2778 daAuts
   Orc:2: 2159 daAuts
  Lair:5: 2045 daAuts
    D:11: 1921 daAuts
     D:8: 1854 daAuts
    D:10: 1632 daAuts
     D:1: 1479 daAuts
  Lair:1: 1443 daAuts
  Lair:3: 1442 daAuts
     D:7: 1418 daAuts
     D:2: 1290 daAuts
  Lair:2: 1243 daAuts
     D:4: 1050 daAuts
     D:6: 1015 daAuts
